APP
SAN FRANCISCO (APP) GIANTS @ BILLINGS MUSTANGS
08/29/2048
 
TOP OF THE 1ST
San Francisco (APP) Giants batting - Pitching for Billings Mustangs : RHP David Alferez
Pitching: RHP David Alferez
Batting: LHB Eddie Lemus 0-0: Called Strike
0-1: Ball
1-1: Called Strike
1-2: Ball
2-2: Foul Ball, location: 2F
2-2: Ball
3-2: Base on Balls
Batting: RHB Noe Oliva 0-0: Ball
Eddie Lemus steals 2nd base
1-0: Ball
2-0: Called Strike
2-1: Ground out 6-3 (Groundball, 6, EV 106.9 MPH)
Batting: LHB Kuan Hsia 0-0: Called Strike
0-1: Fly out, F8 (Flyball, 89D, EV 86.2 MPH)
Runner from 2nd tags up, SAFE at 3rd, no throw by CF
Batting: RHB Ricky Aguilar 0-0: Ball
1-0: Fly out, F8 (Flyball, 8LD, EV 98.1 MPH)
Top of the 1st over - 0 runs, 0 hits, 0 errors, 1 left on base; San Francisco (APP) 0 - Billings 0
BOTTOM OF THE 1ST
Billings Mustangs batting - Pitching for San Francisco (APP) Giants : RHP Conrad van Gemert
Pitching: RHP Conrad van Gemert
Batting: RHB Alex Juarez 0-0: Foul Ball, location: 2F
0-1: Ball
1-1: SINGLE (Line Drive, 78S, EV 91.2 MPH)
Batting: RHB Ji-an See-to 0-0: Ball
1-0: SINGLE (Line Drive, 9LS, EV 101.2 MPH)
Alex Juarez to second
Batting: SHB David Garnica 0-0: Ball
1-0: Fielders Choice at 2nd, 2-6 (Groundball, 2R, EV 74.4 MPH)
Alex Juarez to third
Batting: RHB Alex Villagomez 0-0: Foul Ball, location: 2F
0-1: Called Strike
David Garnica steals 2nd, throwing error, E2
Alex Juarez scores
David Garnica to third
0-2: Ball
1-2: Strikes out swinging
Batting: RHB Gabriel Arias 0-0: Ball
Wild Pitch!
David Garnica scores
1-0: Foul Ball, location: 2F
1-1: Foul Ball, location: 2F
1-2: Ball
2-2: Foul Ball, location: 2F
2-2: SINGLE (Groundball, 56D, EV 105.0 MPH)
Batting: RHB Ben Burkholder 0-0: Ball
1-0: Ball
2-0: Swinging Strike
2-1: Ball
3-1: Base on Balls
Gabriel Arias to second
Pitching: RHP Sam Green
Batting: RHB Omar Garce 0-0: Foul Ball, location: 2F
0-1: Foul Ball, location: 2F
0-2: Ball
1-2: Ball
2-2: Fly out, F8 (Flyball, 89M, EV 76.2 MPH)
Bottom of the 1st over - 2 runs, 3 hits, 1 error, 2 left on base; San Francisco (APP) 0 - Billings 2
TOP OF THE 2ND
San Francisco (APP) Giants batting - Pitching for Billings Mustangs : RHP David Alferez
Batting: RHB Chris Kulik 0-0: Swinging Strike
0-1: Ball
1-1: Swinging Strike
1-2: Strikes out swinging
Batting: RHB Azeem bin Zuhair 0-0: Called Strike
0-1: Ball
1-1: Ball
2-1: Ground out 6-3 (Groundball, 6, EV 105.6 MPH)
Batting: RHB Jonathan Hemsley 0-0: Ball
1-0: Foul Ball, location: 2F
1-1: Called Strike
1-2: Ball
2-2: Foul Ball, location: 2F
2-2: Strikes out looking
Top of the 2nd over - 0 runs, 0 hits, 0 errors, 0 left on base; San Francisco (APP) 0 - Billings 2
BOTTOM OF THE 2ND
Billings Mustangs batting - Pitching for San Francisco (APP) Giants : RHP Sam Green
Batting: LHB Jose Cruz 0-0: Called Strike
0-1: Ball
1-1: Swinging Strike
1-2: Ground out 5-3 (Groundball, 56, EV 85.0 MPH)
Batting: RHB Declan Eichele 0-0: Called Strike
0-1: Ball
1-1: Foul Ball, location: 2F
1-2: Ball
2-2: Ball
3-2: Fly out, F9 (Flyball, 9, EV 93.1 MPH)
Batting: RHB Alex Juarez 0-0: Ball
1-0: Foul Ball, location: 2F
1-1: Ball
2-1: Foul Ball, location: 2F
2-2: SOLO HOME RUN (Flyball, 8RXD, EV 107.5 MPH), Distance : 438 ft
Batting: RHB Ji-an See-to 0-0: Called Strike
0-1: SINGLE (Groundball, 6MD, EV 97.5 MPH)
Batting: SHB David Garnica 0-0: Called Strike
0-1: Called Strike
Ji-an See-to steals 2nd, throwing error, E2
Ji-an See-to to third
0-2: Ball
1-2: Foul Ball, location: 2F
1-2: Ball
2-2: Foul Ball, location: 2F
2-2: Ball
3-2: Foul Ball, location: 2F
3-2: 2-RUN HOME RUN (Flyball, 9LD, EV 97.5 MPH), Distance : 372 ft
Batting: RHB Alex Villagomez 0-0: Foul Ball, location: 2F
0-1: Ball
1-1: SINGLE (Line Drive, 7S, EV 99.4 MPH)
Batting: RHB Gabriel Arias 0-0: Called Strike
0-1: Ball
Passed Ball!
Alex Villagomez to second
1-1: Ball
2-1: Foul Ball, location: 2F
2-2: SINGLE (Groundball, 4D, EV 107.5 MPH)
Alex Villagomez to third
Runner from 3rd tries for Home, throw by CF and OUT! 8-2
Bottom of the 2nd over - 3 runs, 5 hits, 1 error, 1 left on base; San Francisco (APP) 0 - Billings 5
TOP OF THE 3RD
San Francisco (APP) Giants batting - Pitching for Billings Mustangs : RHP David Alferez
Batting: RHB Rúbem Trancoso 0-0: Ground out 6-3 (Groundball, 6M, EV 76.9 MPH)
Batting: SHB Cedric Sweep 0-0: Swinging Strike
0-1: Ball
1-1: Ground out 1-3 (Groundball, 13S, EV 68.8 MPH)
Batting: LHB Eddie Lemus 0-0: Called Strike
0-1: Ball
1-1: Ball
2-1: Called Strike
2-2: Strikes out swinging
Top of the 3rd over - 0 runs, 0 hits, 0 errors, 0 left on base; San Francisco (APP) 0 - Billings 5
BOTTOM OF THE 3RD
Billings Mustangs batting - Pitching for San Francisco (APP) Giants : RHP Sam Green
Batting: RHB Ben Burkholder 0-0: Called Strike
0-1: Ball
1-1: Ball
2-1: SINGLE (Groundball, 6MD, EV 101.2 MPH)
Batting: RHB Omar Garce 0-0: Foul Ball, location: 2F
0-1: Swinging Strike
0-2: Ball
1-2: Ball
2-2: Foul Ball, location: 2F
2-2: SINGLE (Line Drive, 6M, EV 95.0 MPH)
Ben Burkholder to second
Batting: LHB Jose Cruz 0-0: Ball
1-0: Swinging Strike
1-1: Ball
2-1: Ball
Wild Pitch!
Ben Burkholder to third
Omar Garce to second
3-1: Called Strike
3-2: Foul Ball, location: 2F
3-2: TRIPLE (Line Drive, 89XD, EV 96.2 MPH)
Ben Burkholder scores
Omar Garce scores
Batting: RHB Declan Eichele 0-0: Called Strike
0-1: Fly out, F9 (Flyball, 9, EV 86.9 MPH)
Batting: RHB Alex Juarez 0-0: Ball
1-0: Ball
2-0: Ball
3-0: Base on Balls
Pitching: LHP Justin Tidwell
Batting: RHB Ji-an See-to 0-0: Ball
1-0: 3-RUN HOME RUN (Line Drive, 78XD, EV 105.6 MPH), Distance : 402 ft
Batting: SHB David Garnica 0-0: Ball
1-0: Called Strike
1-1: Ball
2-1: Ball
3-1: Foul Ball, location: 2F
3-2: Base on Balls
Batting: RHB Alex Villagomez 0-0: Ball
1-0: Foul Ball, location: 2F
1-1: Swinging Strike
1-2: Ball
2-2: Ball
3-2: Foul Ball, location: 2F
3-2: Foul Ball, location: 2F
3-2: 2-RUN HOME RUN (Flyball, 78XD, EV 98.1 MPH), Distance : 391 ft
Batting: RHB Gabriel Arias 0-0: Called Strike
0-1: Ball
1-1: Swinging Strike
1-2: Strikes out swinging
Pitching: RHP Newt Reid
Batting: RHB Ben Burkholder 0-0: Ball
1-0: Ball
2-0: Fly out, F5 (Popup, 15, EV 82.5 MPH)
Bottom of the 3rd over - 7 runs, 5 hits, 0 errors, 0 left on base; San Francisco (APP) 0 - Billings 12
TOP OF THE 4TH
San Francisco (APP) Giants batting - Pitching for Billings Mustangs : RHP David Alferez
Batting: RHB Noe Oliva 0-0: Ball
1-0: Foul Ball, location: 2F
1-1: Swinging Strike
1-2: Ground out 1-3 (Groundball, P, EV 70.6 MPH)
Batting: LHB Kuan Hsia 0-0: Called Strike
0-1: Ball
1-1: Foul Ball, location: 2F
1-2: Ball
2-2: Strikes out swinging
Batting: RHB Ricky Aguilar 0-0: Ball
1-0: Called Strike
1-1: Fly out, F9 (Flyball, 89M, EV 83.8 MPH)
Top of the 4th over - 0 runs, 0 hits, 0 errors, 0 left on base; San Francisco (APP) 0 - Billings 12
BOTTOM OF THE 4TH
Billings Mustangs batting - Pitching for San Francisco (APP) Giants : RHP Newt Reid
Batting: RHB Omar Garce 0-0: Ball
1-0: Called Strike
1-1: Called Strike
1-2: SINGLE (Groundball, 34D, EV 96.9 MPH)
Batting: LHB Jose Cruz 0-0: Ball
1-0: Called Strike
1-1: SINGLE (Groundball, P, EV 91.9 MPH) (infield hit)
Omar Garce to second
Batting: RHB Declan Eichele 0-0: Ball
1-0: Called Strike
1-1: SINGLE (Line Drive, 4M, EV 96.2 MPH)
Omar Garce to third
Jose Cruz to second
Batting: RHB Alex Juarez 0-0: Ball
1-0: Ball
2-0: Foul Ball, location: 2F
2-1: Ball
3-1: Foul Ball, location: 2F
3-2: Base on Balls
Omar Garce scores
Jose Cruz to third
Declan Eichele to second
Pitching: LHP Ken Cromsie
Batting: RHB Ji-an See-to 0-0: Called Strike
0-1: Swinging Strike
0-2: Ball
1-2: Foul Ball, location: 2F
1-2: Grounds into double play, 4-6-3 (Groundball, 4, EV 83.8 MPH)
Jose Cruz scores
Declan Eichele to third
Batting: SHB David Garnica 0-0: Foul Ball, location: 2F
0-1: Ball
1-1: Ball
2-1: Ball
Wild Pitch!
Declan Eichele scores
3-1: Called Strike
3-2: Fly out, F9 (Line Drive, 9, EV 91.9 MPH)
Bottom of the 4th over - 3 runs, 3 hits, 0 errors, 0 left on base; San Francisco (APP) 0 - Billings 15
TOP OF THE 5TH
San Francisco (APP) Giants batting - Pitching for Billings Mustangs : RHP David Alferez
Batting: RHB Chris Kulik 0-0: Ball
1-0: Swinging Strike
1-1: Ball
2-1: Called Strike
2-2: Foul Ball, location: 2F
2-2: Strikes out swinging
Batting: RHB Azeem bin Zuhair 0-0: Ball
1-0: Foul Ball, location: 2F
1-1: Ground out 4-3 (Groundball, 4, EV 90.0 MPH)
Batting: RHB Jonathan Hemsley 0-0: Ball
1-0: Called Strike
1-1: Swinging Strike
1-2: Strikes out swinging
Top of the 5th over - 0 runs, 0 hits, 0 errors, 0 left on base; San Francisco (APP) 0 - Billings 15
BOTTOM OF THE 5TH
Billings Mustangs batting - Pitching for San Francisco (APP) Giants : LHP Ken Cromsie
Batting: RHB Alex Villagomez 0-0: Called Strike
0-1: Ball
1-1: SOLO HOME RUN (Flyball, 7D, EV 96.9 MPH), Distance : 370 ft
Batting: RHB Gabriel Arias 0-0: Ball
1-0: Ball
2-0: Foul Ball, location: 2F
2-1: Called Strike
2-2: Strikes out swinging
Pitching: RHP Corey Foster
Batting: RHB Ben Burkholder 0-0: SINGLE (Groundball, 4, EV 103.1 MPH)
Batting: RHB Omar Garce 0-0: Ball
1-0: Foul Ball, location: 2F
1-1: Swinging Strike
1-2: Ball
2-2: Strikes out looking
Batting: LHB Jose Cruz 0-0: Called Strike
0-1: Ball
1-1: Ball
2-1: Ball
3-1: Base on Balls
Ben Burkholder to second
Batting: RHB Declan Eichele 0-0: Swinging Strike
0-1: Swinging Strike
0-2: Fly out, F8 (Flyball, 8RD, EV 100.6 MPH)
Bottom of the 5th over - 1 run, 2 hits, 0 errors, 2 left on base; San Francisco (APP) 0 - Billings 16
TOP OF THE 6TH
San Francisco (APP) Giants batting - Pitching for Billings Mustangs : RHP David Alferez
Batting: RHB Rúbem Trancoso 0-0: Ball
1-0: Called Strike
1-1: Swinging Strike
1-2: Foul Ball, location: 2F
1-2: Strikes out swinging
Batting: SHB Cedric Sweep 0-0: Foul Ball, location: 2F
0-1: Ball
1-1: Ball
2-1: Swinging Strike
2-2: Foul Ball, location: 2F
2-2: Ball
3-2: Foul Ball, location: 2F
3-2: Base on Balls
Pitching: RHP Jeff Buchanan
Batting: LHB Eddie Lemus 0-0: Ball
Cedric Sweep is caught stealing 2nd base 2-6
1-0: Fly out, F7 (Flyball, 78M, EV 92.5 MPH)
Top of the 6th over - 0 runs, 0 hits, 0 errors, 0 left on base; San Francisco (APP) 0 - Billings 16
BOTTOM OF THE 6TH
Billings Mustangs batting - Pitching for San Francisco (APP) Giants : RHP Corey Foster
Batting: RHB Alex Juarez 0-0: Ball
1-0: Ball
2-0: Foul Ball, location: 2F
2-1: SINGLE (Line Drive, 34D, EV 102.5 MPH)
Batting: RHB Ji-an See-to 0-0: Ball
1-0: Ball
2-0: Foul Ball, location: 2F
2-1: Swinging Strike
2-2: Ball
3-2: Base on Balls
Alex Juarez to second
Batting: SHB David Garnica 0-0: Called Strike
0-1: Ball
1-1: Ball
2-1: Ball
3-1: Called Strike
3-2: Base on Balls
Alex Juarez to third
Ji-an See-to to second
Batting: RHB Alex Villagomez 0-0: Ball
1-0: Ball
2-0: Ball
3-0: Base on Balls
Alex Juarez scores
Ji-an See-to to third
David Garnica to second
Batting: RHB Gabriel Arias 0-0: Ball
Wild Pitch!
Ji-an See-to scores
David Garnica to third
Alex Villagomez to second
1-0: Foul Ball, location: 2F
1-1: Foul Ball, location: 2F
1-2: Ball
2-2: Ball
3-2: Foul Ball, location: 2F
3-2: Fly out, F7 (Flyball, 7S, EV 86.9 MPH)
Batting: RHB Ben Burkholder 0-0: Ball
1-0: Swinging Strike
1-1: Swinging Strike
1-2: Ball
2-2: Ground out 3-1 (Groundball, 34, EV 86.9 MPH)
David Garnica scores
Alex Villagomez to third
Batting: RHB Omar Garce 0-0: Ball
1-0: Swinging Strike
1-1: Ball
2-1: Fly out, F9 (Flyball, 9, EV 75.6 MPH)
Bottom of the 6th over - 3 runs, 1 hit, 0 errors, 1 left on base; San Francisco (APP) 0 - Billings 19
TOP OF THE 7TH
San Francisco (APP) Giants batting - Pitching for Billings Mustangs : RHP Jeff Buchanan
Batting: RHB Noe Oliva 0-0: Foul Ball, location: 2F
0-1: Ball
1-1: Swinging Strike
1-2: Strikes out swinging
Batting: LHB Kuan Hsia 0-0: Foul Ball, location: 2F
0-1: Ball
1-1: Ball
2-1: Ball
3-1: Foul Ball, location: 2F
3-2: Fly out, F8 (Flyball, 78D, EV 86.9 MPH)
Batting: RHB Ricky Aguilar 0-0: Ball
1-0: Ball
2-0: Called Strike
2-1: Ball
3-1: Base on Balls
Batting: RHB Chris Kulik 0-0: Ball
1-0: Foul Ball, location: 2F
1-1: Swinging Strike
1-2: Foul Ball, location: 2F
1-2: Strikes out looking
Top of the 7th over - 0 runs, 0 hits, 0 errors, 1 left on base; San Francisco (APP) 0 - Billings 19
BOTTOM OF THE 7TH
Billings Mustangs batting - Pitching for San Francisco (APP) Giants : RHP Corey Foster
Batting: LHB Jose Cruz 0-0: Ball
1-0: Foul Ball, location: 2F
1-1: Foul Ball, location: 2F
1-2: Foul Ball, location: 2F
1-2: SINGLE (Groundball, 34, EV 100.0 MPH)
Batting: RHB Declan Eichele 0-0: Ball
1-0: 2-RUN HOME RUN (Flyball, 78XD, EV 98.8 MPH), Distance : 400 ft
Pinch Hitting: SHB Gustavo Froio 0-0: Called Strike
0-1: Ball
1-1: Ball
2-1: DOUBLE (Line Drive, 9LS, EV 113.1 MPH)
Batting: RHB Ji-an See-to 0-0: Ball
1-0: Foul Ball, location: 2F
1-1: Ball
2-1: Called Strike
2-2: SINGLE (Groundball, 4D, EV 97.5 MPH)
Gustavo Froio to third
Pinch Hitting: LHB Martin Koka 0-0: Foul Ball, location: 2F
0-1: Ball
1-1: Called Strike
1-2: Foul Ball, location: 2F
1-2: Strikes out swinging
Batting: RHB Alex Villagomez 0-0: Foul Ball, location: 2F
0-1: Swinging Strike
0-2: Foul Ball, location: 2F
0-2: Ball
1-2: Ball
2-2: Ball
Wild Pitch!
Gustavo Froio scores
Ji-an See-to to second
3-2: Strikes out swinging
Batting: RHB Gabriel Arias 0-0: Ball
1-0: Ball
2-0: Ball
3-0: Base on Balls
Pinch Hitting: RHB Teddy Bonaddio 0-0: Called Strike
0-1: Ground out U3 (Groundball, 34, EV 81.2 MPH)
Bottom of the 7th over - 3 runs, 4 hits, 0 errors, 2 left on base; San Francisco (APP) 0 - Billings 22
TOP OF THE 8TH
San Francisco (APP) Giants batting - Pitching for Billings Mustangs : RHP Jeff Buchanan
Now at 3B: Gustavo Froio
Now in LF: Teddy Bonaddio
Now in RF: Martin Koka
Batting: RHB Azeem bin Zuhair 0-0: Called Strike
0-1: Ball
1-1: SOLO HOME RUN (Flyball, 9LD, EV 97.5 MPH), Distance : 382 ft
Batting: RHB Jonathan Hemsley 0-0: Ball
1-0: Ball
2-0: Foul Ball, location: 2F
2-1: Foul Ball, location: 2F
2-2: Ball
3-2: Base on Balls
Pitching: RHP Cortez Restrepo
Batting: RHB Rúbem Trancoso 0-0: Ball
1-0: Foul Ball, location: 2F
1-1: Foul Ball, location: 2F
1-2: Ball
2-2: Foul Ball, location: 2F
2-2: Fly out, F8 (Flyball, 8RD, EV 108.1 MPH)
Batting: SHB Cedric Sweep 0-0: Called Strike
0-1: Called Strike
0-2: Ball
1-2: Foul Ball, location: 2F
1-2: Strikes out swinging
Batting: LHB Eddie Lemus 0-0: Swinging Strike
0-1: Foul Ball, location: 2F
0-2: Strikes out looking
Top of the 8th over - 1 run, 1 hit, 0 errors, 1 left on base; San Francisco (APP) 1 - Billings 22
BOTTOM OF THE 8TH
Billings Mustangs batting - Pitching for San Francisco (APP) Giants : RHP Corey Foster
Batting: RHB Omar Garce 0-0: Ball
1-0: Called Strike
1-1: Ball
2-1: Ball
3-1: Base on Balls
Batting: LHB Jose Cruz 0-0: Fielders Choice at 2nd, 6-4 (Groundball, 6M, EV 91.9 MPH)
Batting: RHB Declan Eichele 0-0: SINGLE (Groundball, 56S, EV 68.8 MPH) (infield hit)
Jose Cruz to second
Batting: SHB Gustavo Froio 0-0: SINGLE (Groundball, 4D, EV 105.0 MPH)
Jose Cruz to third
Declan Eichele to second
Runner from 3rd tries for Home, SAFE, throw by CF to home
Batting: RHB Ji-an See-to 0-0: 3-RUN HOME RUN (Flyball, 78XD, EV 110.0 MPH), Distance : 421 ft
Batting: LHB Martin Koka 0-0: Foul Ball, location: 2F
0-1: Called Strike
0-2: Foul Ball, location: 2F
0-2: Ball
1-2: Foul Ball, location: 2F
1-2: Ball
2-2: Strikes out looking
Batting: RHB Alex Villagomez 0-0: Ground out 4-3 (Groundball, 4, EV 78.1 MPH)
Bottom of the 8th over - 4 runs, 3 hits, 0 errors, 0 left on base; San Francisco (APP) 1 - Billings 26
TOP OF THE 9TH
San Francisco (APP) Giants batting - Pitching for Billings Mustangs : RHP Cortez Restrepo
Batting: RHB Noe Oliva 0-0: Ground out 3-1 (Groundball, 34S, EV 62.5 MPH)
Batting: LHB Kuan Hsia 0-0: Ball
1-0: Ball
2-0: Foul Ball, location: 2F
2-1: Ball
3-1: Called Strike
3-2: Base on Balls
Batting: RHB Ricky Aguilar 0-0: Called Strike
0-1: Ball
1-1: Swinging Strike
1-2: Ball
2-2: Foul Ball, location: 2F
2-2: Ball
3-2: Strikes out swinging
Batting: RHB Chris Kulik 0-0: Foul Ball, location: 2F
0-1: Ball
1-1: Hit by Pitch
Kuan Hsia to second
Batting: RHB Azeem bin Zuhair 0-0: Ball
1-0: Swinging Strike
1-1: Foul Ball, location: 2F
1-2: Strikes out swinging
Top of the 9th over - 0 runs, 0 hits, 0 errors, 2 left on base; San Francisco (APP) 1 - Billings 26
Tuesday, March 28th , 2023 - OOTP Baseball 23.10 Build 110